 Dungeon Crawl Stone Soup version 0.28.0-53-g5a82cb258f (webtiles) character file.

Game seed: 8037114513911436415

7870 buhh the Martial Artist (level 11, 0/83 HPs)
             Began as a Gnoll Transmuter on June 16, 2022.
             Was an Elder of Cheibriados.
             Killed from afar by a raiju (11 damage)
             ... with a living lightning
             ... on level 1 of the Abyss.
             The game lasted 00:28:19 (9834 turns).

buhh the Martial Artist (Gnoll Transmuter)          Turns: 9834, Time: 00:28:19

Health: 0/83       AC:  8    Str: 20    XL:     11   Next: 22%
Magic:  23/23      EV: 17    Int: 25    God:    Cheibriados [****..]
Gold:   396        SH:  5    Dex: 21    Spells: 23/26 levels left

rFire   . . .      SeeInvis .     - Unarmed
rCold   . . .      Faith    .   (no shield)
rNeg    . . .      Spirit   .   E - +2 troll leather armour {Pargi}
rPois   .          Reflect  +   (helmet currently unavailable)
rElec   .          Harm     .   (no cloak)
rCorr   .          Rampage  .   b - +0 pair of gloves
Will    .....                   (boots currently unavailable)
Stlth   +++.......              h - amulet of reflection
HPRegen 1.03/turn               (no ring)
MPRegen 0.18/turn               (no ring)

@: appendages, very slow
A: horns 2, talons 2, fangs 1, strong nose, distributed training
a: End Transformation, Renounce Religion, Bend Time, Temporal Distortion, Slouch


You were on level 1 of the Abyss.
You worshipped Cheibriados.
Cheibriados was greatly pleased with you.
You had temporarily grown beastly horns and talons.
You visited 2 branches of the dungeon, and saw 11 of its levels.
You visited the Abyss 1 time.
You also visited: Sewer and Ossuary.

You collected 396 gold pieces.

Inventory:

Missiles
 n - 2 throwing nets {!f}
 A - 28 poisoned darts
 G - 2 javelins
 I - 11 boomerangs
Armour
 a - a +0 robe
 b - a +0 pair of gloves (worn)
 o - a +0 helmet
 r - a +2 helmet (melded)
 E - a +2 troll leather armour (worn) {Pargi}
Magical Staves
 q - a staff of conjuration
Jewellery
 d - a ring of magical power
 h - an amulet of reflection (around neck)
 i - an amulet of magic regeneration
Wands
 f - a wand of flame (9)
 j - a wand of polymorph (9)
 v - a wand of digging (6)
 B - a wand of iceblast (14)
 C - a wand of charming (8)
Scrolls
 c - 5 scrolls of blinking {!d}
 g - 6 scrolls of identify {!d}
 t - 2 scrolls of teleportation {!d}
 x - 2 scrolls of vulnerability
 y - 2 scrolls of brand weapon
 F - 3 scrolls of enchant weapon
 H - a scroll of noise
 Q - 4 scrolls of fog
 T - 3 scrolls of immolation {!d}
Potions
 e - a potion of resistance {unknown}
 k - a potion of ambrosia {unknown}
 m - a potion of invisibility {unknown}
 s - a potion of flight {unknown}
 u - a potion of degeneration {unknown}
 w - 3 potions of brilliance {unknown}
 z - 2 potions of cancellation {unknown}
 D - 2 potions of haste {unknown}
 J - a potion of attraction {unknown}
 N - 6 potions of curing {!q!d}


   Skills:
 + Level 6.6 Fighting
 + Level 6.1 Short Blades
 + Level 6.1 Long Blades
 + Level 6.1 Axes
 + Level 6.1 Maces & Flails
 + Level 6.1 Polearms
 + Level 6.1 Staves
 + Level 6.1 Slings
 + Level 6.1 Bows
 + Level 6.1 Crossbows
 + Level 6.1 Throwing
 + Level 6.1 Armour
 + Level 7.7 Dodging
 + Level 6.1 Stealth
 + Level 6.1 Shields
 + Level 9.0 Unarmed Combat
 + Level 8.0 Spellcasting
 + Level 5.0 Conjurations
 + Level 5.0 Hexes
 + Level 5.0 Summonings
 + Level 5.0 Necromancy
 + Level 5.0 Translocations
 + Level 6.4 Transmutations
 + Level 5.0 Fire Magic
 + Level 5.0 Ice Magic
 + Level 5.0 Air Magic
 + Level 5.0 Earth Magic
 + Level 5.0 Poison Magic
 + Level 6.7 Invocations
 + Level 6.1 Evocations


You had 23 spell levels left.
You knew the following spells:

 Your Spells              Type           Power      Damage    Failure   Level
a - Beastly Appendage     Tmut           84%        N/A       1%          1
b - Wereblood             Tmut           42%        N/A       1%          2

Your spell library contained the following spells:

 Spells                   Type           Power      Damage    Failure   Level
 Sandblast                Erth           70%        2d15      1%          1
 Sting                    Tmut/Pois      100%       1d8       1%          1
 Call Imp                 Summ           35%        N/A       1%          2
 Passwall                 Tmut/Erth      31%        N/A       1%          2
 Poisonous Vapours        Pois/Air       70%        N/A       1%          2
 Spider Form              Tmut/Pois      38%        N/A       1%          3
 Inner Flame              Hex/Fire       35%        N/A       2%          3
 Mephitic Cloud           Conj/Pois/Air  35%        N/A       2%          3
 Stone Arrow              Conj/Erth      70%        3d11      2%          3
 Tukima's Dance           Hex            35%        N/A       2%          3
 Ice Form                 Ice/Tmut       38%        N/A       7%          4
 Anguish                  Hex/Necr       17%        N/A       9%          4
 Cause Fear               Hex            17%        N/A       9%          4
 Hailstorm                Conj/Ice       35%        3d9       9%          4
 Olgreb's Toxic Radiance  Pois           35%        N/A       9%          4
 Summon Ice Beast         Ice/Summ       35%        N/A       9%          4
 Simulacrum               Ice/Necr       17%        N/A       80%         6
 Enfeeble                 Hex            17%        N/A       100%        7
 Discord                  Hex            17%        N/A       100%        8
 Dragon's Call            Summ           17%        N/A       100%        9


Dungeon Overview and Level Annotations

Branches:
Dungeon (10/15)            Temple (1/1) D:6            Lair (0/6) D:8
    Orc (0/2) D:9           Sewer (visited)         Ossuary (visited)

Altars:
Ashenzari
Cheibriados
Elyvilon
Fedhas
Makhleb
Okawaru
Uskayaw
Vehumet
Wu Jian
Zin

Shops:
D:3 (   D:7 :   D:9 *

Portals:
Bailey: D:10

Annotations:
D:2 Sigmund
D:9 Gastronok
D:10 Erolcha


Innate Abilities, Weirdness & Mutations

You have temporarily grown beastly horns and talons.
You have very sharp teeth.
Your uncanny sense of smell can sniff out nearby items.
Your experience applies equally to all skills.


Message History

Press: ? - help, Q - select action, (/) - cycle Dir - look around, f - activate You grow a pair of large bovine horns.
Your feet morph into talons.
Your +2 helmet melds into your body.
The raiju bursts into living lightning!
The living lightning hits you!
The raiju blinks!
A raiju comes into view.
The raiju barely misses you. You block the raiju's attack.
You punch the raiju!
The raiju is heavily wounded.
The raiju closely misses you.
You miss the raiju.
The raiju is heavily wounded.
The raiju bursts into living lightning!
The living lightning hits you!
The raiju blinks!
The raiju bursts into living lightning!
The living lightning hits you!
The raiju blinks!
The raiju barks!
The raiju bursts into living lightning!
The living lightning hits you!
The raiju blinks!
You hit the raiju but do no damage. You claw the raiju, but do no damage.
You headbutt the raiju, but do no damage.
You punch the raiju, but do no damage. The raiju bites you but does no damage.
You hit the raiju but do no damage. Your kick misses the raiju.
Your headbutt misses the raiju. You punch the raiju.
The raiju is lightly wounded.
The raiju closely misses you.
The raiju barks!
You punch the raiju!
The raiju is moderately wounded.
The raiju bites you. The raiju shocks you!
You closely miss the raiju. You claw the raiju, but do no damage.
Your headbutt misses the raiju.
The raiju is moderately wounded.
The raiju bursts into living lightning!
The living lightning hits you!!
* * * LOW HITPOINT WARNING * * *
The raiju blinks!
The raiju bursts into living lightning!
The living lightning hits you!
You die...

..... ........... .
.. . . ..... ...
..... ... . # .##..#
..##h.# ..# . ##..##
.##..##..##..## ...
... .... ...........
.. .. ............
.. . #
.##..##..##..##..##
#
..##..##..##..##..##
... ....
.......@....... ..
...........hh......
..#
..##..##..##..##..##
..##..##..##. ##..#
..# . ..........
........... . .
........ .........
#..##..## .##..##..#
.. #..# # ...#....
...# .. . . .# #.
..... ...


You could see 3 raiju.

Vanquished Creatures
  Pikel (D:4)
  Joseph (D:8)
  A troll (D:8)
  Grinder (D:4)
  A wyvern (D:9)
  A shadow (D:10)
  A wraith (D:8)
  A warg (D:9)
  2 steam dragons (D:9)
  Menkaure (D:4)
  A water moccasin (D:9)
  Duvessa (D:4)
  3 sky beasts
  Pargi (Sewer)
  An ice beast (D:7)
  2 necrophages
  4 orc warriors
  A black bear (D:6)
  A wolf (D:8)
  6 centaurs
  2 ogres
  An elf zombie (Ossuary)
  2 kobold brigands
  2 bullfrogs
  2 gnoll sergeants (D:8)
  A wyvern zombie (D:7)
  4 scorpions
  A wyvern skeleton (D:4)
  Dowan (D:4)
  12 killer bees
  10 wights
  3 howler monkeys
  2 electric eels (D:8)
  2 bullfrog zombies
  3 centaur zombies
  7 hounds
  7 orc priests
  A jelly (D:7)
  2 human zombies (Ossuary)
  A centaur skeleton (D:6)
  7 orc wizards
  Natasha (D:2)
  6 iguanas
  A scorpion zombie (D:5)
  2 hound zombies (Ossuary)
  2 hound skeletons
  3 mummies (Ossuary)
  Robin (D:3)
  36 gnolls
  6 adders
  A shadow imp (D:5)
  2 white imps (D:6)
  An adder skeleton (D:4)
  3 adder zombies (Ossuary)
  2 worms
  3 dart slugs
  27 orcs
  3 endoplasms
  8 giant cockroaches
  17 goblins
  5 hobgoblins
  20 jackals
  18 kobolds
  6 quokkas
  5 ball pythons
  A bat (D:3)
  5 frilled lizards
  A gnoll zombie (Ossuary)
  6 goblin zombies (Ossuary)
  4 hobgoblin zombies (Ossuary)
  A jackal zombie (Ossuary)
  A kobold zombie (Ossuary)
  6 quokka zombies (Ossuary)
  A rat (D:2)
  3 rat zombies (Ossuary)
313 creatures vanquished.

Vanquished Creatures (others)
  2 plants (D:3)
2 creatures vanquished.

Grand Total: 315 creatures vanquished

Notes
Turn   | Place    | Note
-------+----------+-------------------------------------------
     0 | D:1      | buhh the Gnoll Transmuter began the quest for the Orb.
     0 | D:1      | Reached XP level 1. HP: 17/17 MP: 6/6
   153 | D:1      | Reached XP level 2. HP: 15/23 MP: 5/7
   623 | D:1      | Found a faded altar of an unknown god.
  1133 | D:2      | Reached XP level 3. HP: 23/28 MP: 7/9
  1442 | D:2      | Noticed Sigmund
  1806 | D:2      | Noticed Natasha
  1811 | D:2      | Killed Natasha
  1812 | D:2      | Reached XP level 4. HP: 26/34 MP: 9/11
  2069 | D:3      | Noticed a scorpion
  2081 | D:3      | Killed a scorpion
  2082 | D:3      | Reached XP level 5. HP: 11/40 MP: 12/12
  2334 | D:3      | Found a glowing drain.
  2365 | Sewer    | Entered a sewer
  2427 | Sewer    | Noticed Pargi
  2440 | Sewer    | Killed Pargi
  2441 | Sewer    | Reached XP level 6. HP: 30/47 MP: 13/13
  2683 | D:3      | Noticed Robin
  2734 | D:3      | Killed Robin
  3110 | D:3      | Found Uchuriz's Weapon Boutique.
  3258 | D:3      | Reached XP level 7. HP: 36/52 MP: 15/15
  3335 | D:3      | Reached skill level 7 in Unarmed Combat
  3706 | D:4      | Noticed Menkaure
  3717 | D:4      | Killed Menkaure
  3718 | D:4      | Reached XP level 8. HP: 5/60 MP: 16/16
  4162 | D:4      | Noticed Grinder
  4180 | D:4      | Killed Grinder
  4394 | D:4      | Learned a level 2 spell: Wereblood
  4404 | D:4      | Noticed Pikel
  4424 | D:4      | Killed Pikel
  4425 | D:4      | Reached XP level 9. HP: 44/66 MP: 18/18
  4614 | D:4      | Noticed Duvessa
  4614 | D:4      | Noticed Dowan
  4626 | D:4      | Killed Duvessa
  4632 | D:4      | Killed Dowan
  4773 | D:5      | Entered Level 5 of the Dungeon
  5719 | D:6      | Reached skill level 8 in Unarmed Combat
  5730 | D:6      | Found a staircase to the Ecumenical Temple.
  5737 | Temple   | Entered the Ecumenical Temple
  5882 | Temple   | Became a worshipper of Cheibriados the Contemplative
  6671 | D:7      | Found a sand-covered staircase.
  6688 | D:7      | Got the Compendium of Supportive Toxins
  6712 | Ossuary  | Entered an ossuary
  6740 | Ossuary  | Reached * piety under Cheibriados
  6926 | Ossuary  | Reached XP level 10. HP: 74/74 MP: 20/20
  7025 | D:7      | Reached ** piety under Cheibriados
  7120 | D:7      | Found Matiaf's Book Shoppe.
  7646 | D:8      | Found a staircase to the Lair.
  7862 | D:8      | Noticed Joseph
  7870 | D:8      | Killed Joseph
  7922 | D:8      | Reached *** piety under Cheibriados
  8301 | D:8      | Found a large runed translucent door.
  8308 | D:8      | Found a large runed translucent door.
  8332 | D:8      | Found an ornate altar of the Wu Jian Council.
  8342 | D:8      | Found a hide-covered altar of Uskayaw.
  8865 | D:9      | Reached **** piety under Cheibriados
  8930 | D:9      | Reached XP level 11. HP: 83/83 MP: 22/22
  8938 | D:9      | Found a staircase to the Orcish Mines.
  9206 | D:9      | Found Nupnimod's Assorted Antiques.
  9410 | D:9      | Noticed Gastronok
  9476 | D:10     | Entered Level 10 of the Dungeon
  9493 | D:10     | Reached skill level 9 in Unarmed Combat
  9740 | D:10     | Found a flagged portal.
  9740 | D:10     | Noticed Erolcha
  9758 | D:10     | Cast into level 1 of the Abyss (Erolcha)
  9834 | Abyss:1  | Killed from afar by a raiju

Illustrated notes

Levels and vault maps discovered:
D:1:      elethiomel_arrival_infinity_welcomes_careful_drivers, layout_basic,
          shapermc_ecumenical_altar_totnotflames, grunt_decor_one_mirror
D:2:      layout_basic, grunt_ministairs_15, nrook_campfire, uniq_natasha,
          uniq_sigmund
D:3:      lemuel_castle_with_subvaults [lemuel_castle_interior_carwin_1],
          layout_rooms, gup_sewer_entry_pipe, serial_shops, shop, uniq_robin
D:4:      layout_loops_corners, hangedman_minor_gate_pass, uniq_pikel,
          uniq_menkaure, uniq_grinder, uniq_duvessa
D:5:      layout_cave_pods, st_stairs_10
D:6:      layout_loops_ring, minmay_temple_entry_grid
D:7:      layout_gridville, enter_ossuary_5, serial_shops, shop_statue,
          minmay_misc_feat_pillars, minivault_5, kennysheep_donut,
          abandoned_shop
D:8:      layout_basic, jmf_multi_god_temple2, erik_lair_island,
          hangedman_abyss_or_decor_clamps, minivault_22, uniq_joseph
D:9:      layout_loops_ring, david_orc_1_choice, serial_shops,
          kennysheep_mini_moat, minmay_crystal_room, uniq_gastronok
D:10:     layout_rooms, enter_bailey_6, uniq_erolcha
Temple:   mainiacjoe_temple_big_plus
Abyss:1:  base: D:8, abyss_greek_temple

Skill      XL: |  1  2  3  4  5  6  7  8  9 10 11 |
---------------+----------------------------------+-----
Spellcasting   | 5 6 7 8 |  8.0
Invocations    | 1 2 3 4 5 6 |  6.7
Short Blades   | 1 2 3 4 5 6 |  6.1
Long Blades    | 1 2 3 4 5 6 |  6.1
Axes           | 1 2 3 4 5 6 |  6.1
Maces & Flails | 1 2 3 4 5 6 |  6.1
Polearms       | 1 2 3 4 5 6 |  6.1
Staves         | 1 2 3 4 5 6 |  6.1
Slings         | 1 2 3 4 5 6 |  6.1
Bows           | 1 2 3 4 5 6 |  6.1
Crossbows      | 1 2 3 4 5 6 |  6.1
Throwing       | 1 2 3 4 5 6 |  6.1
Armour         | 1 2 3 4 5 6 |  6.1
Stealth        | 1 2 3 4 5 6 |  6.1
Shields        | 1 2 3 4 5 6 |  6.1
Evocations     | 1 2 3 4 5 6 |  6.1
Conjurations   | 1 2 3 4 5 |  5.0
Hexes          | 1 2 3 4 5 |  5.0
Summonings     | 1 2 3 4 5 |  5.0
Necromancy     | 1 2 3 4 5 |  5.0
Translocations | 1 2 3 4 5 |  5.0
Fire Magic     | 1 2 3 4 5 |  5.0
Ice Magic      | 1 2 3 4 5 |  5.0
Air Magic      | 1 2 3 4 5 |  5.0
Earth Magic    | 1 2 3 4 5 |  5.0
Poison Magic   | 1 2 3 4 5 |  5.0
Fighting       | 3 4 5 6 |  6.6
Transmutations | 4 5 6 |  6.4
Dodging        | 5 6 7 |  7.7
Unarmed Combat | 7 8 9 |  9.0

Action                   |  1- 3 |  4- 6 |  7- 9 | 10-12 || total
-------------------------+-------+-------+-------+-------++-------
Melee: Unarmed           |    71 |   170 |   475 |   350 ||  1066
       Kick              |    17 |    34 |   137 |   107 ||   295
       Punch             |     6 |     6 |    26 |    16 ||    54
       Headbutt          |     2 |    17 |    93 |    65 ||   177
       Bite              |     5 |    13 |    61 |    37 ||   116
 Cast: Beastly Appendage |    22 |    18 |    56 |    40 ||   136
       Wereblood         |       |       |     1 |     6 ||     7
Invok: Slouch            |       |       |       |     1 ||     1
Evoke: Wand              |       |       |     3 |     1 ||     4
  Use: Scroll            |       |     3 |     9 |     4 ||    16
       Potion            |       |       |       |     3 ||     3
 Stab: Sleeping          |     1 |       |     6 |     5 ||    12
Armor: Robe              |     7 |     9 |       |       ||    16
       Troll leather arm |       |    48 |    97 |    68 ||   213
Dodge: Dodged            |    41 |   134 |   243 |   255 ||   673
Block: Other             |       |    43 |   102 |    77 ||   222
       Reflection        |       |     1 |     4 |     2 ||     7
